 Dungeon Crawl Stone Soup version 0.27.1-33-g824d729ab1 (webtiles) character file.

Game seed: 3804591978428766185

40 SensoryNuts the Covered (level 3, -1/33 HPs)
             Began as a Minotaur Fighter on Dec 6, 2021.
             Was a Follower of Jiyva.
             Slain by a hobgoblin (4 damage)
             ... on level 2 of the Dungeon.
             The game lasted 00:02:55 (851 turns).

SensoryNuts the Covered (Minotaur Fighter)           Turns: 851, Time: 00:02:56

Health: -1/33      AC:  7    Str: 19    XL:     3   Next: 30%
Magic:  2/2        EV:  7    Int:  7    God:    Jiyva [*.....]
Gold:   37         SH:  9    Dex:  9    Spells: 2/2 levels left

rFire    . . .     SeeInvis .   a - +0 trident
rCold    . . .     Faith    .   c - +0 kite shield
rNeg     . . .     Spirit   .   b - +0 scale mail
rPois    .         Reflect  .   (helmet restricted)
rElec    .         Harm     .   (no cloak)
rCorr    .         Rampage  .   (no gloves)
Will     .....                  (no boots)
Stlth    ..........             (no amulet)
HPRegen  0.11/turn              (no ring)
MPRegen  0.08/turn              (no ring)

@: mighty
A: horns 2, retaliatory headbutt
a: Renounce Religion, Request Jelly


You were on level 2 of the Dungeon.
You worshipped Jiyva.
Jiyva was aware of your devotion.
You visited 1 branch of the dungeon, and saw 2 of its levels.

You collected 37 gold pieces.

Inventory:

Hand Weapons
 a - a +0 trident (weapon)
 e - a +0 dagger
 f - a +0 club
 g - a +0 club
 i - a +0 spear
 j - a +0 whip
 m - a +0 club
 q - a +0 club
 r - a +1 dagger of pain
Missiles
 n - 22 arrows
 s - 3 stones (quivered)
Armour
 b - a +0 scale mail (worn)
 c - a +0 kite shield (worn)
 h - a +0 pair of gloves
Jewellery
 k - a ring of magical power
Scrolls
 o - a scroll of enchant weapon {unknown}
Potions
 l - a potion of resistance {unknown}
 p - a potion of lignification {unknown}


   Skills:
 + Level 4.2 Fighting
 + Level 2.8 Polearms
 + Level 4.2 Armour
 + Level 0.1 Dodging
 + Level 0.2 Stealth
 + Level 4.0 Shields


You had 2 spell levels left.
You didn't know any spells.
Your spell library was empty.

Dungeon Overview and Level Annotations

Branches:
Dungeon (2/15)

Altars:
Jiyva


Innate Abilities, Weirdness & Mutations

You have a pair of horns on your head.
You reflexively headbutt those who attack you in melee.


Message History

You hit the hobgoblin but do no damage. You block the goblin's attack.
The hobgoblin hits you. You block the hobgoblin's attack.
The hobgoblin hits you but does no damage.
The goblin hits you but does no damage.
Your shield prevents you from hitting the hobgoblin.
The hobgoblin hits you but does no damage.
The hobgoblin barely misses you. You block the hobgoblin's attack.
You block the goblin's attack. You block the hobgoblin's attack.
The hobgoblin hits you but does no damage.
The hobgoblin hits you.
You hit the hobgoblin.
The hobgoblin is moderately wounded.
The goblin barely misses you.
The hobgoblin hits you but does no damage.
The hobgoblin hits you.
The hobgoblin hits you but does no damage.
The goblin barely misses you.
You puncture the hobgoblin!
You kill the hobgoblin!
The hobgoblin hits you but does no damage.
The hobgoblin hits you. The goblin hits you with a +0 dagger.
The hobgoblin closely misses you. You furiously retaliate!
You headbutt the hobgoblin.
The hobgoblin hits you but does no damage.
Things that are here:
8 gold pieces; a hobgoblin corpse The hobgoblin hits you.
* * * LOW HITPOINT WARNING * * *
The goblin hits you but does no damage.
You hit the hobgoblin.
The hobgoblin is heavily wounded.
The hobgoblin hits you.
* * * LOW HITPOINT WARNING * * *
You block the hobgoblin's attack. The goblin hits you with a +0 dagger.
* * * LOW HITPOINT WARNING * * *
The hobgoblin closely misses you.
The hobgoblin hits you but does no damage.
You feel very mighty all of a sudden. You block the goblin's attack.
The hobgoblin hits you.
You die...

#. .. #.###### #.##
......##...## .
...>.....#.#
#.#.........#
####.#.........## .
................
.##...#..@g.....#
........gg....##
#..##..))...$#
#..#####.).#.#
##...####)..#.##
#..#....<......##
#....##.#.........
....#...##.#..$...###
..#..##.##.#...####


You could see 2 hobgoblins and a goblin.

Vanquished Creatures
  2 gnolls (D:1)
  A bat (D:1)
  An endoplasm (D:1)
  A giant cockroach (D:2)
  7 goblins
  A hobgoblin (D:2)
  2 ball pythons (D:1)
  3 frilled lizards
  2 kobolds (D:2)
  A rat (D:2)
21 creatures vanquished.

Vanquished Creatures (others)
  A frilled lizard (D:2)
1 creature vanquished.

Grand Total: 22 creatures vanquished

Notes
Turn   | Place    | Note
-------+----------+-------------------------------------------
     0 | D:1      | SensoryNuts the Minotaur Fighter began the quest for the
                  | Orb.
     0 | D:1      | Reached XP level 1. HP: 19/19 MP: 0/0
    71 | D:1      | Reached XP level 2. HP: 13/27 MP: 1/1
   291 | D:1      | Found a faded altar of an unknown god.
   298 | D:1      | Reached XP level 3. HP: 27/33 MP: 2/2
   334 | D:1      | Became a worshipper of Jiyva Jaops the Shapeless
   334 | D:1      | Reached * piety under Jiyva
   851 | D:2      | Slain by a hobgoblin

Illustrated notes

Levels and vault maps discovered:
D:1:      minmay_arrival_four_loops, layout_rooms,
          ebering_ecumenical_altar_sacrificial, hangedman_decor_push
D:2:      layout_loops_ring, uniq_robin

Skill      XL: |  1  2  3 |
---------------+----------+-----
Fighting       | 4 |  4.2
Armour         | 4 |  4.2
Shields        | 4 |  4.0
Polearms       | |  2.8
Dodging        | |  0.1
Stealth        | |  0.2

Action                   || total
-------------------------++-------
Melee: Trident           ||    49
       Headbutt          ||     6
  Use: Potion            ||     1
Armor: Scale mail        ||    47
Dodge: Dodged            ||    21
Block: Kite shield       ||    42
